 Dungeon Crawl Stone Soup version 0.17-a0-1430-g49fde19 (webtiles) character file.

122 hexophile the Grave Robber (level 5, -4/35 HPs)
             Began as a Human Necromancer on June 25, 2015.
             Slain by a river rat (5 damage)
             ... in a sewer.
             The game lasted 00:10:50 (2914 turns).

hexophile the Grave Robber (Human Necromancer)      Turns: 2914, Time: 00:10:50

Health: -4/35      AC:  2    Str:  9    XL:     5   Next: 27%
Magic:  0/9        EV: 12    Int: 16    God:
Gold:   91         SH:  0    Dex: 13    Spells: 3 memorised, 2 levels left

rFire  . . .     SeeInvis .     o - +0 dagger (speed)
rCold  . . .     Clarity  .     a - +0 robe
rNeg   . . .     SustAt   .     (no shield)
rPois  .         Gourm    .     (no helmet)
rElec  .         Spirit   +     (no cloak)
rCorr  .         Warding  .     (no gloves)
rMut   .         Stasis   .     (no boots)
MR     .....                    e - amulet of guardian spirit
Stlth  ++........               (no ring)
                                k - ring of flight

@: not resistant to hostile enchantments, unstealthy
A: no striking features
a: Evoke Flight


You were in a sewer.
You were not hungry.

You visited 1 branch of the dungeon, and saw 3 of its levels.
You also visited: Sewer.

You collected 91 gold pieces.

Inventory:

Hand weapons
 o - a +0 dagger of speed (weapon)
Missiles
 g - 75 stones (quivered)
 h - 16 poisoned needles
Armour
 a - a +0 robe (worn)
Jewellery
 e - an amulet of guardian spirit (around neck)
 k - a ring of flight (left hand)
Magical devices
 j - a wand of random effects (43)
Scrolls
 f - 7 scrolls of identify
 i - 3 scrolls of recharging
 l - a scroll of remove curse
 q - a scroll of magic mapping {unknown}
 r - a scroll of teleportation {unknown}
Potions
 p - a potion of curing
Books
 b - a book of Necromancy

   Spells                             Type                      Level
   a - Pain                           Necromancy                   1
   b - Animate Skeleton               Necromancy                   1
   c - Vampiric Draining              Necromancy                   3
   d - Regeneration                   Charms/Necromancy            3
   e - Animate Dead                   Necromancy                   4
   f - Control Undead                 Necromancy                   4
Comestibles
 c - 4 bread rations
 d - a meat ration
 m - a slice of pizza
 n - a royal jelly
 s - 2 chunks of flesh


   Skills:
 - Level 2.0 Dodging
 - Level 2.2 Stealth
 + Level 3.0 Spellcasting
 + Level 1.2 Charms
 * Level 5.3 Necromancy


You had 2 spell levels left.
You knew the following spells:

 Your Spells              Type           Power        Failure   Level  Hunger
a - Pain                  Necr           ###.         1%          1    #......
b - Regeneration          Chrm/Necr      ##........   14%         3    ###....
c - Animate Dead          Necr           N/A          21%         4    #####..


Dungeon Overview and Level Annotations

Branches:
Dungeon (3/15)

Altars:
Qazlal
Xom


Message History

Your Spellcasting skill increases to level 3!
The river rat barely misses you.
You see here a rat corpse.
You hit the river rat but do no damage. The river rat closely misses you.
You closely miss the river rat. The river rat bites you!
* * * LOW HITPOINT WARNING * * *
You hit the river rat but do no damage. You closely miss the river rat.
The river rat bites you!
* * * LOW HITPOINT WARNING * * *
You hit the river rat but do no damage. The river rat bites you.
* * * LOW HITPOINT WARNING * * *
Casting: Regeneration
Confirm with . or Enter, or press ? or * to list all spells.
Aiming: Pain
Press: ? - help, Shift-Dir - straight line, f - river rat
Aim: a river rat (chance to defeat MR: 84%)
The river rat convulses in agony!
Your skin stops crawling.
The river rat bites you.
You die... ############### #.@r.∩.∩......≈ ###############

You could see a river rat.

Vanquished Creatures
  7 adders
  A river rat (Sewer)
  A worm (D:2)
  A giant gecko (D:1)
  2 giant cockroaches
  8 goblins
  3 hobgoblins
  3 jackals (D:2)
  A quokka (D:3)
  5 bats
  8 giant newts
  5 kobolds
  9 rats
54 creatures vanquished.

Vanquished Creatures (collateral kills)
  2 butterflies (D:3)
2 creatures vanquished.

Grand Total: 56 creatures vanquished

Notes
Turn   | Place    | Note
--------------------------------------------------------------
     0 | D:1      | hexophile the Human Necromancer began the quest for the Orb.
     0 | D:1      | Reached XP level 1. HP: 13/13 MP: 3/3
   241 | D:1      | Reached XP level 2. HP: 17/19 MP: 1/5
   822 | D:2      | Reached XP level 3. HP: 8/24 MP: 0/6
  1020 | D:2      | Learned a level 3 spell: Regeneration
  1040 | D:2      | Reached XP level 4. HP: 26/30 MP: 2/7
  1640 | D:2      | Reached skill level 5 in Necromancy
  1768 | D:2      | Found a stormy altar of Qazlal.
  2413 | D:2      | Reached skill level 1 in Charms
  2420 | D:2      | Learned a level 4 spell: Animate Dead
  2574 | D:3      | Found a shimmering altar of Xom.
  2663 | D:3      | Found a glowing drain.
  2686 | D:3      | Reached XP level 5. HP: 26/35 MP: 0/9
  2865 | Sewer    | Entered a sewer
  2912 | Sewer    | HP: 1/35 [river rat (9)]
  2914 | Sewer    | Slain by a river rat

Vault maps used:
D:1:      roderic_chinese_lattice_arrival
D:2:      lemuel_doored_altar, first_bread, kennysheep_generic_room_14
D:3:      xom_butterflies, gup_sewer_entry_glass
Sewer:    sewer_kobolds

Action                   |  1- 3 |  4- 6 || total
-------------------------+-------+-------++-------
Melee: Dagger            |     1 |    76 ||    77
 Cast: Pain              |    45 |    45 ||    90
       Animate Dead      |       |     2 ||     2
       Regeneration      |       |     3 ||     3
  Use: Scroll            |     1 |     4 ||     5
       Potion            |     1 |       ||     1
  Eat: Chunk             |     1 |     7 ||     8
